 Dungeon Crawl Stone Soup version 0.28-a0-1594-ga885d4b3d6 (webtiles) character file.

Game seed: 7671477413251863187

235 rogsnak the Gusty (level 6, 0/49 HPs)
             Began as a Naga Air Elementalist on Jan 21, 2022.
             Slain by an ogre (24 damage)
             ... on level 4 of the Dungeon.
             The game lasted 00:08:31 (4025 turns).

rogsnak the Gusty (Naga Air Elementalist)           Turns: 4025, Time: 00:08:31

Health: 0/49       AC:  4    Str: 11    XL:     6   Next: 5%
Magic:  9/10       EV: 10    Int: 17    God:
Gold:   73         SH:  0    Dex: 11    Spells: 6/11 levels left

rFire   . . .      SeeInvis +   m - +0 rapier
rCold   . . .      Faith    .   (no shield)
rNeg    . . .      Spirit   .   p - +0 robe {Will+}
rPois   +          Reflect  .   (no helmet)
rElec   .          Harm     .   s - +0 cloak
rCorr   .          Rampage  .   (no gloves)
Will    +....                   (no barding)
Stlth   ++........              (no amulet)
HPRegen 0.16/turn               (no ring)
MPRegen 0.12/turn               (no ring)

@: very slow
A: AC +2, large, see invisible, deformed body, poison resistance, slowness 2,
spit poison 1, naga tail 1
a: Spit Poison


You were on level 4 of the Dungeon.
You visited 1 branch of the dungeon, and saw 4 of its levels.

You collected 73 gold pieces.

Inventory:

Hand Weapons
 d - a +0 dagger
 f - a +0 mace
 m - a +0 rapier (weapon)
Missiles
 c - 86 stones
 o - 5 javelins
Armour
 a - a +0 robe
 g - a +0 kite shield
 p - a +0 robe of willpower (worn)
 s - a +0 cloak (worn)
 u - a +1 leather armour of cold resistance
Magical Staves
 t - a staff of fire
Jewellery
 e - a ring of protection from cold
Scrolls
 b - a scroll of enchant weapon {unknown}
 h - a scroll of noise {unknown}
 j - 5 scrolls of identify {unknown}
 k - a scroll of amnesia {unknown}
 l - a scroll of summoning {unknown}
 n - a scroll of magic mapping {unknown}
 q - a scroll of teleportation {unknown}
 r - a scroll of enchant armour {unknown}
 v - a scroll of silence {unknown}
Potions
 i - a potion of curing {unknown}


   Skills:
 + Level 0.3 Fighting
 + Level 1.9 Dodging
 - Level 3.0 Stealth
 + Level 3.0 Spellcasting
 * Level 3.7 Conjurations
 + Level 4.4 Air Magic


You had 6 spell levels left.
You knew the following spells:

 Your Spells              Type           Power      Damage    Failure   Level
a - Shock                 Conj/Air       64%        1d7       3%          1
b - Airstrike             Air            8%         N/A       28%         4

Your spell library contained the following spells:

 Spells                   Type           Power      Damage    Failure   Level
 Static Discharge         Conj/Air       16%        N/A       4%          2
 Foxfire                  Conj/Fire      32%        2x1d5     9%          1
 Swiftness                Air            17%        N/A       9%          3
 Corpse Rot               Necr/Air       20%        N/A       11%         2
 Poisonous Vapours        Pois/Air       20%        N/A       11%         2
 Conjure Flame            Conj/Fire      8%         6-21      24%         3
 Inner Flame              Hex/Fire       2%         N/A       45%         3
 Summon Guardian Golem    Hex/Summ       2%         N/A       45%         3
 Flame Wave               Conj/Fire      8%         2d4       63%         4
 Orb of Destruction       Conj           7%         9d6       100%        7
 Spellforged Servitor     Conj/Summ      4%         N/A       100%        7


Dungeon Overview and Level Annotations

Branches:
Dungeon (4/15)
 Temple: D:4-7

Altars:


Innate Abilities, Weirdness & Mutations

Your serpentine skin is tough. (AC +2)
You have supernaturally acute eyesight. (SInv)
Armour fits poorly on your strangely shaped body.
Your system is resistant to poisons. (rPois)
You cover ground very slowly.
You can spit poison.
You have a snake-like lower body.


Message History

Things that are here:
a +0 dagger; a goblin corpse
Found a stone staircase leading up.
(D) Dungeon
Where to? (Enter - D:3, ? - help)
What level of the Dungeon? (default 1, ? - help)
Things that are here:
a +0 dagger; a goblin corpse You see here a +0 leather armour.
There is a stone staircase leading down here.
You climb downwards.
You hear the sound of rushing water.
There is an entrance to a sewer on this level.
Hurry and find it before the portal rusts away!
Found 18 stones.
There is a stone staircase leading up here.
c - 86 stones (gained 18)
An ogre comes into view. It is wielding a +0 giant club.
The ogre shouts!
The ogre hits you with a +0 giant club!!
Ouch! That really hurt!
Aiming: Spit Poison (1% risk of failure)
Press: ? - help, Shift-Dir - straight line, f - ogre
Aim: an ogre, wielding a +0 giant club (81% to hit)
The splash of poison hits the ogre!
The ogre is heavily wounded.
The ogre closely misses you.
Unknown command.
Unknown command.
The ogre barely misses you.
You have got your breath back.
Casting: Shock (safe; 3% risk of failure)
Confirm with . or Enter, or press ? or * to list all spells.
Aiming: Shock (safe; 3% risk of failure)
Press: ? - help, Shift-Dir - straight line, p - ogre The zap hits the ogre.
The ogre is heavily wounded.
The zap hits the ogre.
The ogre is severely wounded.
The ogre hits you with a +0 giant club!!
You die...

##...##
##.....##
##......<##
#.........#
+.........+
#.........#
##.......##
##.....##
#.@...#
#O#+#.# #.#
#.# #.# .#
#.......#
#.#.....#
#.#.....# .
.#...... ..
. #.#####


You could see an ogre.

Vanquished Creatures
  2 orc priests (D:3)
  2 orc wizards (D:3)
  3 gnolls (D:2)
  3 adders
  2 worms
  2 dart slugs
  5 orcs (D:3)
  4 endoplasms
  3 giant cockroaches
  5 goblins
  A hobgoblin (D:1)
  4 jackals (D:2)
  7 kobolds
  3 quokkas
  6 ball pythons
  5 bats
  2 frilled lizards
  6 rats
65 creatures vanquished.

Notes
Turn   | Place    | Note
-------+----------+-------------------------------------------
     0 | D:1      | rogsnak the Naga Air Elementalist began the quest for the
                  | Orb.
     0 | D:1      | Reached XP level 1. HP: 15/15 MP: 3/3
   235 | D:1      | Reached XP level 2. HP: 22/22 MP: 3/5
   694 | D:1      | Found a faded altar of an unknown god.
   956 | D:2      | Reached XP level 3. HP: 28/28 MP: 3/6
  1545 | D:2      | Reached XP level 4. HP: 27/36 MP: 7/7
  2159 | D:3      | Reached skill level 4 in Air Magic
  2551 | D:3      | Reached XP level 5. HP: 34/42 MP: 4/8
  3083 | D:3      | Reached XP level 6. HP: 14/49 MP: 3/10
  3415 | D:3      | Learned a level 4 spell: Airstrike
  4025 | D:4      | Slain by an ogre

Illustrated notes

Levels and vault maps discovered:
D:1:      ncdulo_halloftheorcs, layout_loops_cross,
          ebering_ecumenical_altar_mist
D:2:      layout_basic
D:3:      layout_basic
D:4:      layout_loops_corners, cheibrodos_sewer_entry_sluice,
          minmay_misc_feat_ornament, uniq_pikel, uniq_natasha

Skill      XL: |  1  2  3  4  5  6 |
---------------+-------------------+-----
Conjurations   | 2 3 |  3.7
Air Magic      | 4 |  4.4
Spellcasting   | 3 |  3.0
Fighting       | |  0.3
Dodging        | |  1.9
Stealth        | |  3.0

Action                   |  1- 3 |  4- 6 || total
-------------------------+-------+-------++-------
Melee: Unarmed           |     6 |       ||     6
       Dagger            |     1 |       ||     1
       Rapier            |    22 |     2 ||    24
 Cast: Shock             |    52 |    63 ||   115
 Abil: Spit Poison       |    15 |    14 ||    29
Armor: Robe              |     7 |     4 ||    11
Dodge: Dodged            |    28 |    10 ||    38

Table legend: (Time is in decaauts)
 A = Elapsed time spent in this place.
 B = Non-inter-level travel time spent in this place.
 C = Inter-level travel time spent in this place.
 D = Time resting spent in this place.
 E = Time spent auto-exploring this place.
 F = Levels seen in this place.
 G = Mean time per level.
                   A        B        C        D        E       F      G
               +--------+--------+--------+--------+--------+-----+--------+
         Total |   4883 |   4642 |    241 |   1242 |   2465 |   4 | 1220.8 |
       Dungeon |   4883 |   4642 |    241 |   1242 |   2465 |   4 | 1220.8 |
               +--------+--------+--------+--------+--------+-----+--------+

Top non-repeatable levels by time:
     D:3: 2334 daAuts
     D:2: 1349 daAuts
     D:1: 1179 daAuts
     D:4: 19 daAuts
